 Dungeon Crawl Stone Soup version 0.28-a0-514-g0d7ab7f379 (webtiles) character file.

Game seed: 14997061871503226061

9548 heikuro the Cleaver (level 11, -1/99 HPs)
             Began as a Minotaur Berserker on Sept 23, 2021.
             Was an Elder of Trog.
             Slain by a yak (3 damage)
             ... on level 10 of the Dungeon.
             The game lasted 00:21:46 (12754 turns).

heikuro the Cleaver (Minotaur Berserker)           Turns: 12754, Time: 00:21:47

Health: -1/99      AC: 21    Str: 23    XL:     11   Next: 24%
Magic:  10/10      EV:  7    Int:  4    God:    Trog [****..]
Gold:   583        SH:  0    Dex: 12    Spells: 10/10 levels left

rFire   . . .      SeeInvis .   a - +1 war axe (flame)
rCold   . . .      Faith    .   G - +2 buckler
rNeg    . . .      Spirit   .   i - +1 plate armour
rPois   .          Reflect  .   (helmet restricted)
rElec   .          Harm     .   x - +2 cloak
rCorr   .          Rampage  .   D - +0 pair of gloves
Will    .....                   A - +0 pair of boots
Stlth   ..........              (no amulet)
HPRegen 0.26/turn               h - ring of flight
MPRegen 0.12/turn               (no ring)

@: confused, flying
A: horns 2, retaliatory headbutt
a: Renounce Religion, Berserk, Trog's Hand, Brothers in Arms


You were on level 10 of the Dungeon.
You worshipped Trog.
Trog was greatly pleased with you.
You visited 2 branches of the dungeon, and saw 11 of its levels.
You also visited: Bailey.

You collected 583 gold pieces.

Inventory:

Hand Weapons
 a - a +1 war axe of flaming (weapon)
 b - a +0 hunting sling
Missiles
 w - 78 sling bullets
 C - 6 throwing nets (quivered)
 F - 14 poisoned darts
Armour
 i - a +1 plate armour (worn)
 u - +0 acid dragon scales
 x - a +2 cloak (worn)
 A - a +0 pair of boots (worn)
 D - a +0 pair of gloves (worn)
 G - a +2 buckler (worn)
Jewellery
 h - a ring of flight (left hand)
Wands
 o - a wand of iceblast (1)
 r - a wand of flame (50)
 v - a wand of polymorph (13)
 z - a wand of paralysis (5)
Scrolls
 c - a scroll of amnesia {unknown}
 g - a scroll of summoning {unknown}
 j - 5 scrolls of identify
 k - 3 scrolls of enchant armour
 n - 6 scrolls of teleportation
 p - a scroll of torment {unknown}
 q - 2 scrolls of fog {unknown}
 t - a scroll of noise {unknown}
 y - 2 scrolls of silence {unknown}
 B - a scroll of magic mapping {unknown}
 H - 2 scrolls of immolation {unknown}
Potions
 d - 3 potions of curing
 e - 3 potions of brilliance
 f - 3 potions of flight
 l - 2 potions of ambrosia
 m - a potion of haste {unknown}
 s - 2 potions of attraction {unknown}
 E - 2 potions of cancellation {unknown}


   Skills:
 + Level 10.1 Fighting
 * Level 13.6 Axes
 + Level 8.3 Slings
 + Level 9.7 Armour
 - Level 3.0 Dodging
 + Level 2.2 Shields


You had 10 spell levels left.
You didn't know any spells.
Your spell library was empty.

Dungeon Overview and Level Annotations

Branches:
Dungeon (10/15)            Temple (1/1) D:4            Lair (0/6) D:8
    Orc (0/2) D:9          Bailey (visited)

Altars:
Ashenzari
Cheibriados
Dithmenos
Elyvilon
Fedhas
Gozag
Hepliaklqana
Kikubaaqudgha
Makhleb
Nemelex Xobeh
Okawaru
Qazlal
Ru
Sif Muna
Trog
Uskayaw
Vehumet
Wu Jian
Xom
Yredelemnul
Zin
The Shining One

Shops:
D:3 *   D:6 (   D:9 *?(


Innate Abilities, Weirdness & Mutations

You have a pair of horns on your head.
You reflexively headbutt those who attack you in melee.


Message History

You hit the yak. You burn the yak.
The yak is heavily wounded.
You hit the white ugly thing. You burn the white ugly thing.
You barely miss the golden eye.
The white ugly thing stings you but does no damage.
The yak gores you!
Unknown command.
You bump into the rock wall.
The white ugly thing closely misses you.
The yak gores you!
Unknown command.
You bump into the rock wall.
The golden eye blinks at you.
You are more confused.
The white ugly thing stings you but does no damage.
The yak gores you but does no damage.
Unknown command.
You bump into the stone wall.
The white ugly thing stings you. The white ugly thing freezes you!
* * * LOW HITPOINT WARNING * * *
The yak gores you but does no damage.
Unknown command.
You bump into the stone wall.
The white ugly thing stings you but does no damage.
The yak gores you.
* * * LOW HITPOINT WARNING * * *
Unknown command.
You bump into the stone wall.
The white ugly thing stings you but does no damage.
The yak gores you but does no damage.
Unknown command.
You bump into the stone wall.
The golden eye blinks at you.
You are more confused.
The white ugly thing stings you!
* * * LOW HITPOINT WARNING * * *
The white ugly thing freezes you!
* * * LOW HITPOINT WARNING * * *
The yak gores you.
You die...

#.# #.# #)# #.#
#.# #.####### .
#.†.....#
....#.#u.##.#
........Y@....#
.####..#G####.#
##.### # .. .#G
... # ._


You could see a white ugly thing, a yak and a golden eye shaped shifter.

Vanquished Creatures
  2 two-headed ogres
  Pikel (D:5)
  3 deep elf pyromancers (D:9)
  2 cyclopes (D:9)
  A manticore (D:9)
  An ugly thing (D:9)
  Maggie (D:6)
  A komodo dragon (D:8)
  Sigmund (D:5)
  A vampire (D:8)
  2 wyverns
  4 vampire mosquitoes (D:10)
  A steam dragon (D:8)
  Duvessa (D:6)
  A water moccasin (D:7)
  2 sky beasts (D:7)
  2 ice beasts
  2 necrophages
  6 ogres
  4 lemures
  2 centaurs
  A phantom (D:7)
  2 bullfrogs
  Dowan (D:6)
  8 gnoll sergeants (Bailey)
  A killer bee (D:10)
  2 howler monkeys (D:7)
  2 electric eels (D:7)
  A centaur zombie (D:5)
  3 hounds
  A centaur skeleton (D:4)
  7 gnoll shamans
  5 orc priests
  A bullfrog skeleton (D:5)
  3 iguanas
  Crazy Yiuf (D:6)
  3 orc wizards
  A killer bee zombie (D:7)
  A howler monkey zombie (D:8)
  Robin (D:2)
  4 adders
  19 gnolls
  A white imp (D:5)
  2 ufetubi
  2 worms (D:2)
  13 dart slugs
  15 orcs
  4 ball pythons
  5 bats
  4 endoplasms
  3 giant cockroaches (D:3)
  13 hobgoblins
  7 jackals (D:4)
  A quokka (D:2)
  6 frilled lizards
  11 goblins
  3 kobolds
  4 rats
203 creatures vanquished.

Vanquished Creatures (others)
  12 fungi (D:5)
  38 plants
50 creatures vanquished.

Grand Total: 253 creatures vanquished

Notes
Turn   | Place    | Note
-------+----------+-------------------------------------------
     0 | D:1      | heikuro the Minotaur Berserker began the quest for the Orb.
     0 | D:1      | Reached XP level 1. HP: 19/19 MP: 0/0
   331 | D:1      | Reached XP level 2. HP: 22/27 MP: 1/1
   399 | D:1      | Reached skill level 4 in Axes
  1327 | D:2      | Reached XP level 3. HP: 33/33 MP: 2/2
  1436 | D:2      | Reached ** piety under Trog
  1620 | D:2      | Found a bloodstained altar of Trog.
  1793 | D:2      | Noticed Robin
  1979 | D:2      | Killed Robin
  2007 | D:2      | Reached XP level 4. HP: 31/40 MP: 3/3
  2422 | D:3      | Found Gozag's Platinum Reserve.
  2464 | D:3      | Found an opulent altar of Gozag.
  2865 | D:3      | Found a faded altar of an unknown god.
  3133 | D:3      | Found a shimmering blue altar of Sif Muna.
  3133 | D:3      | Found a bloodstained altar of Trog.
  3150 | D:3      | Found a broken altar of Ashenzari.
  3152 | D:3      | Found a burning altar of Makhleb.
  3153 | D:3      | Found an ancient bone altar of Kikubaaqudgha.
  3286 | D:4      | Found a staircase to the Ecumenical Temple.
  3294 | Temple   | Entered the Ecumenical Temple
  3508 | D:4      | Reached skill level 5 in Axes
  3579 | D:4      | Found a stormy altar of Qazlal.
  3599 | D:4      | Noticed a necrophage
  3603 | D:4      | Killed a necrophage
  3604 | D:4      | Reached skill level 1 in Slings
  3604 | D:4      | Reached XP level 5. HP: 47/47 MP: 4/4
  3652 | D:4      | Reached *** piety under Trog
  3757 | D:4      | Noticed an ogre
  3764 | D:4      | Killed an ogre
  3765 | D:4      | Reached XP level 6. HP: 55/55 MP: 5/5
  3769 | D:4      | Reached skill level 6 in Axes
  4154 | D:5      | Entered Level 5 of the Dungeon
  4156 | D:5      | Noticed Pikel
  4222 | D:5      | Killed Pikel
  4223 | D:5      | Reached skill level 5 in Fighting
  4223 | D:5      | Reached skill level 7 in Axes
  4223 | D:5      | Reached skill level 5 in Armour
  4223 | D:5      | Reached XP level 7. HP: 50/62 MP: 6/6
  4365 | D:5      | Noticed Sigmund
  4377 | D:5      | Killed Sigmund
  4779 | D:5      | Reached skill level 8 in Axes
  4779 | D:5      | Reached XP level 8. HP: 54/70 MP: 7/7
  5483 | D:5      | Found a blossoming altar of Fedhas.
  5858 | D:5      | Reached skill level 9 in Axes
  5944 | D:6      | Noticed Maggie
  5957 | D:6      | Killed Maggie
  5958 | D:6      | Reached skill level 5 in Slings
  6273 | D:6      | Noticed Duvessa
  6275 | D:6      | Noticed Dowan
  6277 | D:6      | Reached XP level 9. HP: 51/79 MP: 8/8
  6283 | D:6      | Killed Duvessa
  6291 | D:6      | Killed Dowan
  6618 | D:6      | Reached skill level 10 in Axes
  6962 | D:6      | Found an iron altar of Okawaru.
  7415 | D:6      | Found Yrer's Weapon Boutique.
  7441 | D:6      | Found a runed translucent door.
  7630 | D:6      | Noticed Crazy Yiuf
  7638 | D:6      | Killed Crazy Yiuf
  8404 | D:7      | Found a sacrificial altar of Ru.
  8466 | D:7      | Found a flagged portal.
  8476 | Bailey   | Entered a bailey
  8848 | Bailey   | Reached skill level 11 in Axes
  9091 | Bailey   | Reached **** piety under Trog
  9689 | D:7      | Reached XP level 10. HP: 84/90 MP: 9/9
  9904 | D:7      | Found a white marble altar of Elyvilon.
 10373 | D:8      | Found a staircase to the Lair.
 10497 | D:8      | Found a radiant altar of Vehumet.
 10779 | D:9      | Noticed a manticore
 10791 | D:9      | Killed a manticore
 10792 | D:9      | Reached skill level 12 in Axes
 10894 | D:9      | Noticed a white ugly thing
 10902 | D:9      | Killed a white ugly thing
 10918 | D:9      | Noticed a deep elf pyromancer
 10937 | D:9      | Killed a deep elf pyromancer
 10938 | D:9      | Noticed a deep elf pyromancer
 10938 | D:9      | Noticed a cyclops
 10953 | D:9      | Killed a deep elf pyromancer
 10958 | D:9      | Killed a cyclops
 11278 | D:9      | Noticed a deep elf pyromancer
 11291 | D:9      | Killed a deep elf pyromancer
 11292 | D:9      | Reached skill level 13 in Axes
 11292 | D:9      | Noticed a cyclops
 11299 | D:9      | Killed a cyclops
 11458 | D:9      | Found Laupt's General Store.
 11472 | D:9      | Found Iwufithiq's Magic Scroll Boutique.
 11517 | D:9      | Found Wuffac's Antique Weapon Boutique.
 11526 | D:9      | Noticed a two-headed ogre
 11537 | D:9      | Killed a two-headed ogre
 11538 | D:9      | Reached skill level 1 in Shields
 11538 | D:9      | Reached XP level 11. HP: 72/99 MP: 10/10
 11710 | D:9      | Found a staircase to the Orcish Mines.
 11745 | D:9      | Found Idaureup's Magic Scroll Shoppe.
 11797 | D:9      | Reached skill level 10 in Fighting
 12481 | D:10     | Entered Level 10 of the Dungeon
 12622 | D:10     | Found a glowing silver altar of Zin.
 12675 | D:10     | Noticed a two-headed ogre
 12690 | D:10     | Killed a two-headed ogre
 12736 | D:10     | Found an ornate altar of the Wu Jian Council.
 12736 | D:10     | Noticed an orb spider
 12736 | D:10     | an orb spider changed into a golden eye
 12736 | D:10     | Noticed a white ugly thing
 12754 | D:10     | HP: 2/99 [white ugly thing (17)]
 12754 | D:10     | Slain by a yak

Illustrated notes

Levels and vault maps discovered:
D:1:      tarquinn_simple_flora_water_a, layout_loops_ring, chequers_garden
D:2:      layout_basic, basic_altar, uniq_robin
D:3:      minmay_angry_zag, layout_loops_ring, nicolae_gozag_zags_fifth_avenue,
          chequers_temple_overflow_minitemple,
          shapermc_ecumenical_altar_notcrosses
D:4:      layout_loops_ring, nicolae_qazlal_scattered_showers,
          minmay_temple_entry_drinking_statues, chequers_serial_rivers_micro_e
D:5:      layout_basic, fedhas_altar_3, grunt_decor_junction, uniq_pikel,
          uniq_sigmund
D:6:      layout_basic, mainiacjoe_overflow_concentric_impassable, serial_shops,
          kennysheep_mini_moat, kennysheep_generic_room_3, uniq_maggie,
          uniq_duvessa, uniq_crazy_yiuf_cottage
D:7:      kennysheep_slugbush, layout_cave_pools, general_overflow_altar,
          nicolae_ru_sacrificial_ziggurat, enter_bailey_1
D:8:      layout_basic, mainiacjoe_overflow_six_doors_small,
          david_lair_shrubbed, kennysheep_small_square
D:9:      minmay_diamond_stairs, layout_loops_ring, serial_shops,
          nicolae_shop_behind_doors, nicolae_inconvenience_store, shop_statue,
          shop_coins
D:10:     layout_basic, mainiacjoe_overflow_paths, kennysheep_donut,
          minmay_ruined_shrine
Temple:   nicolae_temple_figure_zero

Skill      XL: |  1  2  3  4  5  6  7  8  9 10 11 |
---------------+----------------------------------+-----
Axes           | 4 5 7 8 9 11 13 | 13.6
Fighting       | 4 5 6 7 8 9 10 | 10.1
Armour         | 3 4 5 6 8 9 |  9.7
Dodging        | 3 |  3.0
Slings         | 1 2 3 5 6 8 |  8.3
Shields        | 1 2 |  2.2

Action                   |  1- 3 |  4- 6 |  7- 9 | 10-12 || total
-------------------------+-------+-------+-------+-------++-------
Melee: Hand axe          |    81 |    82 |    77 |       ||   240
       Headbutt          |    12 |    13 |    55 |    27 ||   107
       War axe           |       |       |   162 |   103 ||   265
 Fire: Hunting sling     |       |    28 |    49 |    28 ||   105
Throw: Throwing net      |       |       |     3 |       ||     3
Invok: Berserk           |     1 |     3 |    10 |     3 ||    17
Evoke: Wand              |       |       |     6 |       ||     6
  Use: Potion            |       |       |     1 |       ||     1
       Scroll            |       |       |       |     5 ||     5
 Stab: Sleeping          |     1 |       |       |       ||     1
Armor: Animal skin       |     6 |       |       |       ||     6
       Chain mail        |    25 |    41 |    26 |       ||    92
       Acid dragon scale |       |       |    54 |       ||    54
       Plate armour      |       |       |    13 |    88 ||   101
Dodge: Dodged            |    39 |    43 |   131 |    36 ||   249
Block: Buckler           |       |       |       |     7 ||     7

Table legend: (Time is in decaauts)
 A = Elapsed time spent in this place.
 B = Non-inter-level travel time spent in this place.
 C = Inter-level travel time spent in this place.
 D = Time resting spent in this place.
 E = Time spent auto-exploring this place.
 F = Levels seen in this place.
 G = Mean time per level.
                   A        B        C        D        E       F      G
               +--------+--------+--------+--------+--------+-----+--------+
         Total |  12876 |  11866 |   1010 |   3399 |   6068 |  12 | 1073.0 |
       Dungeon |  11540 |  10539 |   1001 |   2849 |   5766 |  10 | 1154.0 |
        Temple |    123 |    114 |      9 |      0 |    113 |   1 |  123.0 |
        Bailey |   1213 |   1213 |      0 |    550 |    189 |   1 | 1213.0 |
               +--------+--------+--------+--------+--------+-----+--------+

Top non-repeatable levels by time:
     D:6: 2149 daAuts
     D:9: 1738 daAuts
     D:5: 1546 daAuts
     D:4: 1249 daAuts
  Bailey: 1213 daAuts
     D:1: 1183 daAuts
     D:2: 1138 daAuts
     D:3: 921 daAuts
     D:7: 710 daAuts
     D:8: 666 daAuts
    D:10: 235 daAuts
  Temple: 123 daAuts
